 Dungeon Crawl Stone Soup version 0.18.1-48-g4cf74bf (webtiles) character file.

299 Gargoyl the Skirmisher (level 6, -2/43 HPs)
             Began as a Demonspawn Abyssal Knight on Aug 4, 2016.
             Was a Believer of Lugonu.
             Slain by an ogre
             ... wielding a +0 giant club
              (26 damage)
             ... on level 4 of the Dungeon.
             The game lasted 00:08:47 (3824 turns).

Gargoyl the Skirmisher (Demonspawn Abyssal Knight)  Turns: 3824, Time: 00:08:47

Health: -2/43      AC: 14    Str: 15    XL:     6   Next: 13%
Magic:  8/8        EV:  7    Int: 11    God:    Lugonu [**....]
Gold:   225        SH:  3    Dex: 14    Spells: 0 memorised, 5 levels left

rFire  . . .     SeeInvis +     a - +1 hand axe
rCold  . . .     Gourm    .     u - +0 chain mail
rNeg   . . .     Faith    .     (no shield)
rPois  .         Spirit   .     t - +0 helmet
rElec  .         Dismiss  .     (no cloak)
rCorr  .         Reflect  .     f - +0 pair of gloves
SustAt .         Harm     .     (no boots)
MR     +....                    j - amulet of rage
Stlth  ..........               (no ring)
                                e - ring of see invisible

@: somewhat resistant to hostile enchantments, extremely unstealthy
A: hooves 2, large bone plates 2, agile 1, dopey 1, frail 1, high mp 1, magic
resistance 1
a: Depart the Abyss, Bend Space, Renounce Religion, Evoke Berserk Rage


You were on level 4 of the Dungeon.
You worshipped Lugonu.
Lugonu was pleased with you.
You were not hungry.

You visited 1 branch of the dungeon, and saw 4 of its levels.
You visited the Abyss 1 time.

You collected 225 gold pieces.

Inventory:

Hand Weapons
 a - a +1 hand axe (weapon)
Armour
 f - a +0 pair of gloves (worn)
 t - a +0 helmet (worn)
 u - a +0 chain mail (worn)
Jewellery
 e - a ring of see invisible (left hand)
 j - an amulet of rage (around neck)
 q - an uncursed amulet of faith {unknown}
 s - an uncursed amulet of guardian spirit {unknown}
Scrolls
 d - 3 scrolls of fog {unknown}
 h - a scroll of noise {unknown}
 k - a scroll of amnesia {unknown}
 r - 3 scrolls of identify {unknown}
 v - a scroll of immolation {unknown}
 w - a scroll of blinking {unknown}
Potions
 g - a potion of mutation
 i - a potion of resistance
 o - 2 potions of ambrosia {unknown}
 p - 3 potions of curing {unknown}
 x - a potion of cancellation {unknown}
 z - a potion of haste {unknown}
 B - a potion of degeneration {unknown}
Comestibles
 b - 2 meat rations
 c - 6 bread rations
 l - a chunk of flesh
 m - 2 beef jerkies
 n - 6 fruits
 A - a royal jelly


   Skills:
 + Level 4.2 Fighting
 + Level 2.7 Axes
 * Level 3.8 Armour
 + Level 2.2 Dodging
 + Level 0.8 Stealth
 + Level 2.8 Invocations


You had 5 spell levels left.
You didn't know any spells.

Dungeon Overview and Level Annotations

Branches:
Dungeon (4/15)
 Temple: D:4-7

Altars:
Yredelemnul


Innate Abilities, Weirdness & Mutations

You have hoof-like feet.
You are mostly covered in large bone plates (AC +3, SH +3).
You are agile. (Dex +2)
You are dopey. (Int -2)
You are frail (-10% HP).
You have an increased reservoir of magic (+10% MP).
You are resistant to hostile enchantments.


Message History

Your chain mail prevents you from hitting the ogre.
Your kick misses the ogre.
The ogre is moderately wounded.
You hit the plant but do no damage.
The plant is lightly damaged.
The ogre closely misses you.
The dart slug moves out of view.
Unknown command.
You hit the ogre. You kick the ogre, but do no damage.
The ogre is heavily wounded.
You hit the plant but do no damage.
The plant is lightly damaged.
The ogre barely misses you.
Unknown command.
Your chain mail prevents you from hitting the ogre.
The ogre is heavily wounded.
You hit the plant but do no damage.
The plant is lightly damaged.
The ogre hits you with a giant club!!
Ouch! That really hurt!
You die...

###.....§§† #.P
##.♣.....§§. #..
##........... #.#
##P..♣........
#.###PP).♣PP......
##.#.♣.)PP#♣♣♣.....
#..#.()♣♣##PPP.....
#..P)).P# #.♣.....
#.@.PP### #♣PP....
...##.# #(O♣###
♣♣♣...♣
...##.#####.##
.♣♣.. ..........(#
#..........+
#.[........#
#..........#
######..........#
................#


You could see an ogre.

Vanquished Creatures
  A big kobold (D:4)
  2 hounds (D:4)
  An orc priest (D:3)
  A hound skeleton (D:4)
  2 adders (D:2)
  2 worms
  13 dart slugs
  A giant gecko (D:2)
  3 orcs (D:3)
  5 bats
  A giant cockroach (D:1)
  4 goblins
  4 hobgoblins
  3 jackals (D:1)
  25 kobolds
  4 giant newts
  4 rats
  A plant (D:4)
77 creatures vanquished.

Vanquished Creatures (others)
  3 plants (D:4)
3 creatures vanquished.

Grand Total: 80 creatures vanquished

Notes
Turn   | Place    | Note
--------------------------------------------------------------
     0 | Abyss:1  | Gargoyl the Demonspawn Abyssal Knight began the quest for the Orb.
     0 | Abyss:1  | Reached XP level 1. HP: 18/18 MP: 2/2
     2 | Abyss:1  | Found a corrupted altar of Lugonu.
    82 | Abyss:2  | Noticed a soldier ant
    97 | Abyss:2  | Noticed a neqoxec
    99 | Abyss:2  | Noticed an ancient zyme
   108 | Abyss:2  | Gained mutation: You are dopey. (Int -2) [a neqoxec]
   110 | D:1      | Escaped the Abyss
   274 | D:1      | Reached skill level 1 in Dodging
   403 | D:1      | Gained mutation: You have large cloven feet. [demonic ancestry]
   403 | D:1      | Reached XP level 2. HP: 24/24 MP: 4/4
   418 | D:1      | Reached * piety under Lugonu
  1145 | D:2      | Gained mutation: You have hoof-like feet. [demonic ancestry]
  1145 | D:2      | Reached XP level 3. HP: 25/29 MP: 5/5
  2182 | D:3      | Gained mutation: You are partially covered in large bone plates (AC +2, SH +2). [demonic ancestry]
  2182 | D:3      | Reached XP level 4. HP: 37/37 MP: 6/6
  2194 | D:3      | Reached ** piety under Lugonu
  2200 | D:3      | Reached skill level 4 in Fighting
  2907 | D:3      | Found a basalt altar of Yredelemnul.
  3257 | D:4      | Gained mutation: You are mostly covered in large bone plates (AC +3, SH +3). [demonic ancestry]
  3257 | D:4      | Reached XP level 5. HP: 23/42 MP: 7/7
  3645 | D:4      | Gained mutation: You have an increased reservoir of magic (+10% MP). [potion of mutation]
  3645 | D:4      | Gained mutation: Your spells are a little harder to cast, but a little more powerful. [potion of mutation]
  3645 | D:4      | Gained mutation: You are frail (-10% HP). [potion of mutation]
  3646 | D:4      | Gained mutation: You are agile. (Dex +2) [potion of mutation]
  3646 | D:4      | Lost mutation: Your spells are a little harder to cast, but a little more powerful. [potion of mutation]
  3646 | D:4      | Gained mutation: You are resistant to hostile enchantments. [potion of mutation]
  3668 | D:4      | Reached XP level 6. HP: 26/43 MP: 8/8
  3824 | D:4      | Slain by an ogre

Skill      XL: |  1  2  3  4  5 |
---------------+----------------+-----
Axes           | 2 |  2.7
Dodging        | 1 2 |  2.2
Armour         | 2 3 |  3.8
Fighting       | 4 |  4.2
Stealth        | |  0.8
Invocations    | |  2.8

Action                   |  1- 3 |  4- 6 || total
-------------------------+-------+-------++-------
Melee: Hand axe          |   117 |   225 ||   342
       Kick              |    23 |    61 ||    84
Invok: Depart the Abyss  |     1 |       ||     1
  Use: Potion            |       |     4 ||     4
  Eat: Chunk             |     4 |     6 ||    10
Armor: Leather armour    |    38 |       ||    38
       Chain mail        |    14 |   140 ||   154
Dodge: Dodged            |    81 |    85 ||   166
Block: Other             |       |    19 ||    19
